Map: Ruins of Seras

Players

Plasma - Winner!

  • Race: Zerg Zerg
  • League: Platinum

LindyHop

  • Race: Zerg Zerg
  • League: Platinum

VOD

Have the link to the VOD?

Description

Time

  • Played on: Jan. 9, 2016, 4:05 p.m.
  • Length: 17:01
Show
View Real Time Build Order
Export as new Build Order

Plasma Zerg - Winner!

Build Orders: Hatch First, Lurkers 

Get SALT Encoding   

  12  0:01  Drone  
  13  0:12  Overlord  
  13  0:19  Drone  
  14  0:32  Drone x2  
  16  0:40  Drone  
  17  0:45  Drone  
  18  0:59  Hatchery  
  18  1:00  Drone  
  18  1:05  Extractor  
  18  1:07  Drone  
  18  1:19  Spawning Pool  
  18  1:23  Drone  
  18  1:28  Overlord  
  18  1:39  Drone  
  19  1:50  Drone  
  20  2:10  Metabolic Boost  
  20  2:11  Queen  
  20  2:12  Zergling x2  
  20  2:13  Zergling x2  
  24  2:17  Drone  
  24  2:18  Queen  
  27  2:24  Zergling x2  
  28  2:32  Baneling Nest  
  28  2:36  Drone x3  
  30  2:53  Drone  
  30  2:55  Overlord, Zergling x2  
  30  2:56  Overlord  
  32  3:24  Zergling x8  
  32  3:26  Baneling  
  36  3:27  Baneling  
  36  3:41  Zergling x14  
  35  4:13  Zergling x18  
  40  4:30  Roach Warren  
  39  4:32  Extractor  
  35  4:47  Baneling x4  
  35  5:01  Drone  
  35  5:02  Drone x5  
  41  5:13  Drone  
  41  5:14  Drone x5  
  47  5:20  Extractor  
  46  5:22  Extractor  
  45  5:36  Roach  
  45  5:37  Overlord x3, Roach x2  
  51  5:51  Drone  
  52  6:00  Roach  
  52  6:01  Roach x7  
  61  6:15  Lair  
  61  6:33  Hatchery  
  60  6:45  Zergling x2  
  61  6:47  Roach  
  61  6:48  Overlord x2, Roach x6  
  75  7:12  Evolution Chamber, Drone x2  
  75  7:14  Evolution Chamber, Glial Reconstitution  
  75  7:17  Centrifical Hooks, Hydralisk Den  
  75  7:21  Drone x5  
  79  7:36  Overseer  
  79  7:39  Overseer  
  79  7:46  Lurker Den  
  79  7:49  Zerg Missile Weapons Level 1  
  79  7:50  Zerg Ground Armor Level 1  
  79  7:53  Drone  
  79  7:54  Drone x4  
  84  7:59  Baneling x2  
  84  8:00  Baneling  
  84  8:13  Drone x4  
  84  8:14  Drone x3  
  91  8:21  Overlord x2  
  91  8:32  Hydralisk x3  
  97  8:40  Hydralisk x2  
  97  8:41  Hydralisk  
  101  8:45  Ravager x4  
  107  8:52  Hydralisk x2  
  104  9:22  Hydralisk  
  104  9:23  Hydralisk  
  108  9:26  Overlord x3  
  108  9:38  Hatchery  
  73  10:08  Hydralisk  
  73  10:09  Hydralisk x9  
  69  10:24  Hydralisk x2  
  69  10:37  Spore Crawler  
  69  10:39  Hydralisk  
  69  10:40  Hydralisk  
  72  10:49  Zergling x2  
  73  10:50  Zergling x2  
  74  11:07  Zerg Missile Weapons Level 2  
  74  11:08  Zerg Ground Armor Level 2  
  74  11:10  Hydralisk x6  
  74  11:11  Hydralisk  
  88  11:20  Drone  
  88  11:21  Drone x2  
  91  11:31  Hydralisk x3  
  95  11:52  Lurker x3  
  98  12:00  Hydralisk x3  
  88  12:37  Hydralisk  
  88  12:38  Hydralisk x8  
  106  12:46  Hydralisk  
  106  12:47  Hydralisk  
  84  13:11  Lurker  
  84  13:12  Lurker  
  77  13:13  Drone x3  
  80  13:33  Hydralisk, Muscular Augments  
  80  13:34  Hydralisk x2  
  82  13:39  Extractor  
  82  13:41  Extractor  
  84  13:42  Overseer  
  84  13:47  Spore Crawler  
  84  13:48  Drone  
  84  13:52  Spore Crawler  
  83  13:57  Queen  
  69  14:06  Zergling x2  
  64  14:15  Zergling x4  
  64  14:16  Zergling x20  
  70  14:29  Hydralisk  
  70  14:30  Hydralisk x3  
  78  14:33  Queen  
  80  14:58  Hydralisk  
  80  14:59  Hydralisk x6  
  94  15:06  Baneling x3  
  94  15:18  Hydralisk x5  
  104  15:32  Lurker  
  104  15:33  Lurker x3  
  108  15:37  Hydralisk x3  
  114  15:46  Roach x2  
  114  15:47  Roach  
  120  16:01  Overlord  
  120  16:02  Overlord  
Show
View Real Time Build Order
Export as new Build Order

LindyHop Zerg 

Build Orders: Hatch First 

Get SALT Encoding   

  12  0:01  Drone  
  13  0:12  Overlord  
  13  0:18  Drone  
  14  0:31  Drone x2  
  14  0:34  Drone  
  17  0:55  Hatchery  
  16  1:00  Drone x2  
  18  1:09  Extractor  
  17  1:18  Spawning Pool  
  17  1:20  Drone  
  17  1:23  Drone  
  18  1:28  Drone  
  19  1:39  Overlord  
  19  1:50  Drone  
  20  2:08  Queen x2  
  22  2:10  Zergling x4  
  26  2:21  Drone x2  
  28  2:24  Metabolic Boost  
  28  2:40  Roach Warren  
  28  2:43  Drone  
  28  2:44  Drone  
  29  2:50  Spine Crawler  
  28  2:58  Baneling Nest  
  27  3:01  Spine Crawler  
  26  3:19  Drone x3  
  29  3:20  Overlord  
  28  3:29  Zergling x6  
  31  3:41  Baneling  
  31  3:45  Roach  
  31  3:46  Roach x2  
  37  3:53  Zergling x6  
  37  3:54  Zergling x2  
  37  4:04  Zergling x4  
  37  4:05  Zergling x4  
  37  4:09  Roach  
  43  4:15  Queen  
  43  4:26  Drone  
  43  4:28  Overlord  
  43  4:30  Baneling x2  
  44  4:32  Overlord  
  44  4:44  Evolution Chamber  
  42  4:50  Drone x4  
  46  4:56  Lair  
  46  4:58  Extractor  
  45  5:05  Roach  
  45  5:06  Drone  
  48  5:07  Drone  
  49  5:15  Drone x3  
  52  5:21  Zergling x4  
  52  5:26  Drone x2  
  56  5:42  Baneling  
  56  5:43  Baneling x2  
  56  5:45  Zergling x2  
  56  5:46  Zerg Ground Armor Level 1  
  57  5:50  Drone x3  
  57  5:53  Extractor  
  57  6:14  Roach  
  57  6:15  Overlord x2  
  59  6:20  Overlord x2, Spine Crawler, Extractor  
  57  6:29  Drone x2  
  59  6:48  Overlord x2  
  59  7:02  Spire  
  59  7:05  Drone x5  
  59  7:06  Drone x5  
  59  7:07  Hydralisk Den  
  66  7:51  Hatchery  
  66  7:58  Drone x3  
  66  8:02  Zergling x2  
  66  8:03  Zergling x12  
  75  8:13  Hatchery  
  75  8:15  Queen  
  76  8:30  Mutalisk  
  76  8:31  Mutalisk x7  
  92  8:35  Spore Crawler  
  92  8:38  Zerg Flyer Weapons Level 1  
  91  8:43  Roach  
  91  8:44  Roach  
  91  8:46  Spore Crawler  
  94  8:50  Zergling x4  
  96  9:00  Mutalisk x2  
  96  9:02  Roach  
  102  9:03  Roach  
  102  9:04  Zergling x4  
  102  9:07  Zergling x2  
  102  9:08  Zergling x4  
  97  9:17  Hydralisk  
  97  9:18  Hydralisk x2  
  103  9:31  Mutalisk  
  103  9:34  Zergling x4  
  107  9:38  Mutalisk  
  108  9:52  Roach x3  
  94  9:53  Roach x4  
  94  9:54  Roach  
  94  9:57  Zergling x2  
  94  9:59  Zergling x2  
  90  10:06  Mutalisk, Zergling x4  
  84  10:12  Zergling x6  
  85  10:16  Mutalisk  
  85  10:19  Roach  
  86  10:24  Drone  
  86  10:28  Mutalisk  
  87  10:34  Baneling x2  
  87  10:35  Baneling  
  89  10:39  Drone x2  
  89  10:40  Drone  
  92  10:46  Mutalisk  
  94  10:51  Drone  
  94  10:52  Drone x2  
  97  10:57  Zergling x2  
  97  11:02  Baneling  
  97  11:03  Baneling x5  
  98  11:07  Centrifical Hooks  
  98  11:10  Roach  
  100  11:11  Zergling x2  
  100  11:12  Zergling x4  
  100  11:13  Zergling x2  
  104  11:20  Zergling x4  
  104  11:24  Zergling x2  
  107  11:29  Extractor  
  107  11:30  Zergling x8  
  110  11:37  Zergling x2  
  110  11:38  Zergling x2  
  112  11:44  Mutalisk  
  108  12:03  Roach  
  108  12:04  Overlord x3  
  110  12:15  Overlord  
  96  12:26  Overseer x3  
  96  12:27  Overseer, Roach  
  96  12:28  Roach x6  
  94  12:31  Baneling x4  
  94  12:36  Zergling x2  
  95  12:38  Zergling x2  
  95  12:40  Zergling x2  
  97  12:46  Zergling x2  
  97  12:47  Zergling x4  
  94  12:57  Zergling x4  
  94  12:58  Zergling x2  
  91  12:59  Zergling x2  
  91  13:02  Roach  
  91  13:03  Burrow  
  81  13:10  Roach  
  81  13:11  Roach  
  81  13:12  Zergling x2  
  84  13:29  Zergling x8  
  88  13:35  Hatchery, Baneling x2  
  88  13:36  Baneling x6  
  88  13:37  Zergling x2  
  76  14:06  Zergling x8  
  72  14:10  Roach x3  
  72  14:11  Roach  
  67  14:25  Drone x5  
  70  14:40  Baneling x6  
  70  14:52  Hatchery  
  69  14:59  Zergling x2  
  70  15:00  Zergling x6, Extractor  
  72  15:23  Infestation Pit  
  72  15:28  Roach x6  
  73  15:29  Roach x3  
  73  15:31  Ravager x3  
  73  15:32  Ravager  
  73  15:33  Ravager  
  94  15:51  Ravager x2  
  94  15:53  Baneling x5  
  94  15:55  Roach x2  
  94  15:56  Roach  
  102  16:00  Roach  
  104  16:05  Roach  
  106  16:14  Roach  
  106  16:15  Roach x3  
  113  16:36  Roach x7  
Tags
 
Add a new tag
Caveats
  • Supply blocks, unpowered buildings, or Contaminate may cause inaccurate times.
  • Supply counts are checked every 10 seconds.